Croesus, chaotic male elven Ranger -------- ------ |......| |.{..| |......-#############---------------- |...<| |......| #|..............| --------- |....| |......| #|..............| |.......| #.....| ----.--- #|..............| |........e#####|....| # #-..............| #........| --.--- # ###-------------|-- ###|.....>.| # # ###########%########d####--------- # ### # ##d # # ## ### --.---- # |......######## |.....| # |......##### |.....| ------- Croesus the Lookout Experience level: 3 Strength: 15 Dexterity: 10 Constitution: 16 Intelligence: 13 Wisdom: 13 Charisma: 7 Health: 6(6) Energy: 29(29) Def: 3 Gold: 85 Moves: 2375 Dungeon seed: yX4RRA7_lwArExpL Game ID: Croesus_1561168282 Your Inventory: Weapons a - 25 blessed +0 elven arrows (in quiver) c - 59 blessed +2 elven arrows d - an uncursed +1 elven dagger (alternate weapon; not wielded) A - 2 uncursed +0 orcish daggers B - 41 uncursed +0 darts C - a blessed +4 dart Armor n - a cursed -1 orcish helm q - an uncursed +0 orcish helm Comestibles f - 6 uncursed lembas wafers u - an uncursed clove of garlic G - an uncursed egg J - 2 uncursed tripe rations Potions L - an uncursed potion of oil Rings w - a cursed ring of polymorph (on left paw) x - an uncursed +1 ring of increase damage I - an uncursed ring of fire immunity M - a cursed ring of polymorph Tools b - an uncursed sack k - an uncursed lock pick K - an uncursed lock pick T - an uncursed towel Coins $ - 85 gold pieces Contents of the sack: an uncursed scroll of destroy armor an uncursed scroll of earth an uncursed scroll of enchant armor a blessed scroll of identify a cursed scroll of identify an uncursed scroll of remove curse a cursed spellbook of slow monster an uncursed potion of monster detection an uncursed potion of speed a cursed potion of speed an uncursed worthless piece of orange glass 601 gold pieces Spells and supernatural/magical abilities: Name Level Category Cost Memory W - pray for help -- divine ? -- Your skills at the end: Fighting Skills wands [Basic] Weapon Skills dagger [Basic] bow [Basic] Spellcasting Skills Final Attributes: You were piously aligned. You were telepathic. You had automatic searching. You were polymorphing. You were polymorphed into a fox. You last prayed 33 turns ago. Mars was noncommittal. You survived. Vanquished creatures: a pony a gray ooze 2 floating eyes an orc zombie 3 iguanas 2 coyotes 4 giant rats 3 cave spiders a gecko 4 jackals 2 foxes 5 goblins 4 sewer rats 4 grid bugs 2 bats 5 lichens 6 newts 50 creatures vanquished. Voluntary challenges: You had been an atheist until turn 2339. You used a wielded weapon 18 times, starting on turn 20. You were illiterate. You never genocided any monsters. You never polymorphed an object. You changed form 1 time, starting on turn 2333. You used no wishes. You never split a pudding. You never wrote Elbereth's name. You never violated your personal moral code. Dungeon overview: The Dungeons of Doom: levels 1 to 5 Level 1 a long staircase Level 2 a fountain, a vault Level 3 a general store, a fountain, a vault Level 4 stairs to The Gnomish Mines Level 5 <- You were here a fountain, a vault The Gnomish Mines: Level 5 stairs to The Dungeons of Doom History has recorded: On T:1 you entered the Dungeons of Doom to retrieve the Amulet of Yendor! On T:24 you reached level 2 of The Dungeons of Doom. On T:505 you reached level 3 of The Dungeons of Doom. On T:787 you reached level 4 of The Dungeons of Doom. On T:1485 you advanced to experience level 2. On T:1714 you reached level 5 of The Dungeons of Doom. On T:1797 you reached level 1 of The Gnomish Mines. On T:1835 you advanced to experience level 3. Score breakdown: Gold: 686 ( 9650 points) Experience: 3 levels ( 7878 points) Exploration: 5 levels ( 10.42%) ( 8751 points) Discoveries: 3 items ( 1.02%) ( 3025 points) Valuables value: (no points given unless you survive) Artifact value: 0 ( 0 points) Variety of kills: 17 monsters ( 4.47%) ( 6345 points) Turncount: 2375 turns ( -254 points) Survival: quit (score multiplied by 90%) Total score: 31855 Latest messages: This floating eye corpse tastes terrible! You finish eating the floating eye corpse. You feel a strange mental acuity. You must have gained telepathy. You turn into a fox! You shrink out of your cloak! You find you must drop your weapon! There are a few objects here. You can barely move a handspan with this load! You hear some noises nearby. (3x) [10 turns] You begin praying to Mars. You are surrounded by a shimmering light. You feel that Mars is well-pleased. You feel much better. [6 turns] (3x) You hear some noises nearby. (3x) [6 turns] (2x) You hear the splashing of a naiad. [6 turns] You can't remove the granite ring. It is cursed. You can't do that while carrying so much stuff. Final status: Goodbye Croesus the Ranger, quit... You quit in The Dungeons of Doom on dungeon level 5 with 31855 points, and 686 pieces of gold, after 2375 moves. You were level 3 with a maximum of 34 hit points when you quit.